 Dungeon Crawl Stone Soup version 0.15-a0-2172-g9ff0d5b (webtiles) character file.

110 KaKa the Ruinous (level 4, -2/27 HPs)
             Began as an Octopode Conjurer on July 21, 2014.
             Killed from afar by braks' ghost (7 damage)
             ... with a puff of frost
             ... on Level 3 of the Dungeon.
             The game lasted 00:07:08 (1918 turns).

KaKa the Ruinous (Octopode Conjurer)                Turns: 1918, Time: 00:07:08

HP  -2/27        AC  1     Str  7      XL: 4   Next: 91%
MP   3/7         EV 12     Int 18      God:
Gold 141         SH  0     Dex 12      Spells:  2 memorised,  4 levels left

rFire  . . .     SeeInvis .     a - +2 spear (flame)
rCold  . . .     Clarity  .     (no shield)
rNeg   . . .     rCorr    .     (helmet restricted)
rPois  .         rRot     .     (no amulet)
rElec  .         Spirit   .     (no ring)
SustAb .         Warding  .     (no ring)
rMut   .         Stasis   .     (no ring)
Gourm  .                        (no ring)
MR     .....                    (no ring)
                                (no ring)
                                (no ring)
                                (no ring)

@: hasted, very quick, not resistant to hostile enchantments, fairly stealthy
A: almost no armour, amphibious, 8 rings, constrict 8, camouflage 1, gelatinous
body 1
a: no special abilities


You were on level 3 of the Dungeon.
You were not hungry.

You visited 1 branch of the dungeon, and saw 3 of its levels.

You collected 141 gold pieces.

Inventory:

Hand weapons
 a - a +2 spear of flaming (weapon)
Missiles
 r - 8 tomahawks (quivered)
Comestibles
 b - 2 bread rations
 i - a beef jerky
 j - a chunk of adder flesh
 q - a rotting chunk of bat flesh
Scrolls
 m - 2 scrolls of fear
 n - a scroll of identify {unknown}
Potions
 d - a potion of agility {unknown}
 e - a potion of curing
 h - a potion of brilliance {unknown}
 k - a potion of resistance {unknown}
 l - a potion of restore abilities {unknown}
Books
 c - a book of Conjurations

   Spells                             Type                      Level
   *Magic Dart                        Conjuration                  1
   *Searing Ray                       Conjuration                  2
   Dazzling Spray                     Conjuration/Hexes            3
   Fulminant Prism                    Conjuration/Hexes            4
   Iskenderun's Mystic Blast          Conjuration                  4
   Iskenderun's Battlesphere          Conjuration/Charms           5


   Skills:
 - Level 2.0 Dodging
 - Level 2.6 Stealth
 - Level 2.0 Spellcasting
 + Level 6.0 Conjurations


You had 4 spell levels left.
You knew the following spells:

 Your Spells              Type           Power        Failure   Level  Hunger
a - Magic Dart            Conj           ###.         1%          1    #......
b - Searing Ray           Conj           ###...       1%          2    ##.....


Dungeon Overview and Level Annotations

Branches:
Dungeon (3/15)

Altars:

Annotations:
D:3 braks' ghost, average DrIE


Innate Abilities, Weirdness & Mutations

You cannot wear most types of armour.
You are amphibious.
You can wear up to eight rings at the same time.
You can use your tentacles to constrict many enemies at once.
Your skin changes colour to match your surroundings (Stealth).
Your rubbery body absorbs attacks (AC +1).


Message History

As you read the scroll labeled HYT INITOPAASK, it crumbles to dust.
You assume a fearsome visage.
Braks' ghost is unaffected.
It was a scroll of fear.
Braks' ghost points at you and mumbles some strange words.
The puff of frost misses you.
Read which item? (? for menu, Esc to quit)
As you read the scroll labeled PHEPUMO STRUGU, it crumbles to dust.
The scroll dissolves into smoke.
It was a scroll of fog.
Braks' ghost casts a spell at you.
You are frozen.
* * * LOW HITPOINT WARNING * * *
Drink which item? (? for menu, Esc to quit)
You feel better.
It was a potion of curing.
Braks' ghost hits you.
* * * LOW HITPOINT WARNING * * *
Drink which item? (? for menu, Esc to quit)
You feel yourself speed up.
It was a potion of haste.
The orc barely misses you.
Braks' ghost gestures at you while chanting.
The puff of frost hits you!
You die...

.♣ ♣.♣ .o♣
♣♣♣♣♣ ♣.♣
♣♣
♣♣...♣♣..♣
♣.
♣♣.♣♣.♣..♣
♣.
♣o♣♣♣♣%♣.♣
♣.♣♣♣♣.♣
♣♣♣.S.
♣.@W♣♣§♣
♣o♣.♣
♣♣§o§§§♣♣
♣♣ W.
♣♣§§§§.♣ ♣
♣.§.♣.♣
♣.♣♣♣.♣
♣%♣ .. ♣.♣
♣.. ♣%♣
..♣ ♣♣.♣ .


You could see braks' ghost and an orc.

Vanquished Creatures
  6 adders
  2 giant mites (D:3)
  A worm (D:2)
  3 giant geckos (D:1)
  An ooze (D:1)
  6 bats
  2 giant cockroaches
  5 hobgoblins
  5 kobolds
  A giant newt (D:2)
  2 goblins (D:1)
  2 rats
36 creatures vanquished.

Notes
Turn   | Place    | Note
--------------------------------------------------------------
     0 | D:1      | KaKa, the Octopode Conjurer, began the quest for the Orb.
     0 | D:1      | Reached XP level 1. HP: 11/11 MP: 3/3
   228 | D:1      | Reached XP level 2. HP: 12/17 MP: 1/4
  1017 | D:2      | Reached skill level 5 in Conjurations
  1017 | D:2      | Reached XP level 3. HP: 21/21 MP: 1/6
  1214 | D:2      | Learned a level 2 spell: Searing Ray
  1377 | D:2      | Reached XP level 4. HP: 27/27 MP: 3/7
  1801 | D:3      | Reached skill level 6 in Conjurations
  1881 | D:3      | Noticed braks' ghost (average DrIE)
  1918 | D:3      | Killed from afar by braks' ghost

Action                   |  1- 3 |  4- 6 || total
-------------------------+-------+-------++-------
Melee: Spear             |    18 |     7 ||    25
       Unarmed           |     1 |       ||     1
 Cast: Magic Dart        |    44 |    11 ||    55
       Searing Ray       |     2 |     4 ||     6
  Use: Scroll            |       |     2 ||     2
       Potion            |       |     2 ||     2
 Stab: Sleeping          |     1 |       ||     1
  Eat: Chunk             |     2 |     2 ||     4
